 Dungeon Crawl Stone Soup version 0.30.0-5-g1a98f26d00 (webtiles) character file.

Game seed: 9954894592103184046

98438 SexyEnough the Warrior (level 15, -4/150 (152) HPs)
             Began as a Minotaur Berserker on May 9, 2023.
             Was a High Priest of Trog.
             Slain by a pharaoh ant (19 damage)
             ... on level 4 of the Spider Nest on May 11, 2023.
             The game lasted 05:40:35 (34078 turns).

SexyEnough the Warrior (Minotaur Berserker)        Turns: 34078, Time: 05:40:35

HP:   -4/150 (152)  AC: 26    Str: 31 (34) XL:     15   Next: 74%
MP:   11/14         EV:  9    Int:  4      God:    Trog [*****.]
Gold: 1391          SH: 11    Dex: 14 (15) Spells: 14/14 levels left

rFire   . . .        W - +2 broad axe (flame)
rCold   . . .        H - +0 kite shield {reflect}
rNeg    . . .        F - +0 plate armour
rPois   +            g - +2 hat
rElec   +            q - scarf {repulsion}
rCorr   .            X - +2 pair of gloves {infuse}
SInv    .            K - +0 pair of boots of Courage {Fly Dex+4}
Will    +....        i - amulet of magic regeneration Stlth
                     t - ring of poison resistance
HPRegen 0.45/turn    Z - ring of Ydghuil {rElec Str+6}
MPRegen 0.54/turn

%: repel missiles, reflection, infuse magic (1 MP)
@: on berserk cooldown, flying, lightly drained
A: horns 2, retaliatory headbutt
a: Renounce Religion, Berserk, Trog's Hand, Brothers in Arms


You were on level 4 of the Spider Nest.
You worshipped Trog.
Trog was extremely pleased with you.
You visited 3 branches of the dungeon, and saw 20 of its levels.
You also visited: Volcano.

You collected 1391 gold pieces.

Inventory:

Hand Weapons
 L - the +5 flail "Vior" {freeze, rPois rF+ rC- Stlth+}
   (You found it on level 10 of the Dungeon)

   rF:        It protects you from fire.
   rC:        It makes you vulnerable to cold.
   rPois:     It protects you from poison.
   Stlth:     It makes you more stealthy.
 M - a +2 heavy war axe
 W - a +2 broad axe of flaming (weapon)
Missiles
 a - 122 stones (quivered)
 A - 2 throwing nets
 T - 5 boomerangs of dispersal
Armour
 g - a +2 hat (worn)
 q - a scarf of repulsion (worn)
 F - a +0 plate armour (worn)
 H - a +0 kite shield of reflection (worn)
 K - the +0 pair of boots of Courage (worn) {Fly Dex+4}
   (You found it on level 7 of the Dungeon)

   Dex:       It affects your dexterity (+4).
   Fly:       It grants you flight.
 X - a +2 pair of gloves of infusion (worn)
Jewellery
 i - an amulet of magic regeneration (around neck)
 n - a +5 ring of evasion
 p - a ring of ice
 t - a ring of poison resistance (left hand)
 z - a ring of willpower
 V - a +6 ring of strength
 Z - the ring of Ydghuil (right hand) {rElec Str+6}
   (You found it on level 1 of the Spider Nest)

   [ring of strength]

   Str:       It affects your strength (+6).
   rElec:     It insulates you from electricity.
Wands
 f - a wand of roots (4)
 k - a wand of mindburst (8)
 x - a wand of flame (48)
Scrolls
 h - 12 scrolls of teleportation
 j - 3 scrolls of poison
 m - 2 scrolls of immolation {unknown}
 o - 5 scrolls of enchant weapon
 r - 5 scrolls of magic mapping
 v - a scroll of butterflies
 B - 5 scrolls of vulnerability
 D - a scroll of fear {unknown}
 E - 4 scrolls of enchant armour
 G - 4 scrolls of blinking
 J - 3 scrolls of torment {unknown}
 Q - a scroll of noise {unknown}
 R - a scroll of silence {unknown}
 S - 4 scrolls of fog
 U - 2 scrolls of brand weapon {unknown}
Potions
 b - 2 potions of might
 c - 12 potions of curing
 d - a potion of cancellation
 e - 2 potions of haste
 s - 2 potions of resistance {unknown}
 u - a potion of attraction {unknown}
 w - 2 potions of lignification {unknown}
 N - 3 potions of mutation {unknown}
 O - 4 potions of invisibility
 P - 2 potions of berserk rage {unknown}
 Y - a potion of flight {unknown}
Miscellaneous
 C - a lightning rod (4/4)
 I - a box of beasts


   Skills:
 + Level 19.0 Fighting
 - Level 18.5 Axes
 + Level 18.9 Armour
 - Level 2.1 Dodging
 + Level 10.6 Shields


You had 14 spell levels left.
You didn't know any spells.
Your spell library was empty.

Dungeon Overview and Level Annotations

Branches:
Dungeon (11/15)            Temple (0/1) D:4            Lair (5/5) D:11
  Swamp (0/4) Lair:2       Spider (4/4) Lair:3        Slime (0/5) Lair:5
Volcano (visited)
    Orc: D:9-12

Altars:
Fedhas
Gozag
Kikubaaqudgha
Okawaru
Qazlal
Uskayaw
Wu Jian
Xom

Shops:
D:10 [

Annotations:
D:6 2 runed translucent doors
Lair:1 3 runed translucent doors, 2 transporters, Inken's ghost, novice GnFi


Innate Abilities, Weirdness & Mutations

You have a pair of horns on your head.
You reflexively headbutt those who attack you in melee.


Message History

Aim: a butterfly (grey smoke, water, summoned, friendly)
Okay, then.
You swap places.
Your butterfly is caught in a web!
The tarantella touches you!
* * * LOW HITPOINT WARNING * * *
The pharaoh ant closely misses you.
The tarantella touches you but does no damage.
Your butterfly struggles to get unstuck from the web.
You block the pharaoh ant's attack.
As you read the scroll of teleportation, it crumbles to dust.
You feel strangely unstable.
Your butterfly struggles to get unstuck from the web. x2
Something pounces on your butterfly.
Your butterfly dies!
Your butterfly disappears in a burst of colours!
You block the tarantella's attack.
Your butterfly struggles to get unstuck from the web.
The pharaoh ant bites you.
* * * LOW HITPOINT WARNING * * *
You feel drained. Something pounces on your butterfly!
Your butterfly dies!
Your butterfly disappears in a burst of colours!
The tarantella touches you.
* * * LOW HITPOINT WARNING * * *
Your butterfly pulls away from the web.
The pharaoh ant closely misses you. You furiously retaliate!
You headbutt the pharaoh ant. Something misses your butterfly.
Something claws your butterfly.
Your butterfly dies!
Your butterfly disappears in a burst of colours!
You feel strangely stable.
Your magical effects are unravelling.
You feel magically purged.
You feel yourself speed up. The tarantella barely misses you.
Something pounces on your butterfly!
Your butterfly dies!
Your butterfly disappears in a burst of colours!
The pharaoh ant bites you!!
You die...

####...#.#.##..~#######~^..~.....
..#....#.#.^.^....^.~.....[......
.^.###...#.....................s.
##^..#.....#.......†^.......b.ss.
^.#....##.^#................^w~^s
.............b........^^^^s..####
.##.####..#.b.§§###########...^..
#..#.....#..§bBbsb§....†~.^.....
##....#..###.bb@bb§....†^.......
....###.^.#...bbb§s§.[...........
..#.#^^.#.#..#b§bbb§............#
.##^##..###..#b§§.§b...s........#
^.......#^#...######b.^^^.....~.#
###...#...#.#^ ###########~.#
..#^.#^#..######## ###
.....#...)....#..####
#..#.##..#..##......#


You could see a wolf spider, a pharaoh ant (ally target) and a tarantella (ally
target).

Vanquished Creatures
  Donald (Spider:1)
  6 ghost moths
  3 emperor scorpions
  A broodmother (Spider:4)
  A spark wasp (Spider:4)
  7 entropy weavers
  Harold (Lair:1)
  4 catoblepae (Lair:5)
  A hydra (Lair:5)
  2 boulder beetles
  2 radroaches (Spider:4)
  A jorogumo (Spider:1)
  9 death yaks (Lair:5)
  A hell knight (Volcano)
  Nergalle (D:11)
  4 pharaoh ants
  A salamander mystic (Volcano)
  5 orb spiders
  2 sun moths
  A bog body (Lair:2)
  5 steelbarb worms
  3 manticores
  20 wolf spiders
  6 salamanders (Volcano)
  A cyclops (D:11)
  2 moths of wrath
  6 demonic crawlers
  3 torpor snails
  6 black mambas
  14 cane toads
  5 komodo dragons
  A rime drake (Lair:2)
  2 meliai (Spider:4)
  5 trolls
  Grinder (D:6)
  22 tarantellas
  A hornet (D:8)
  4 blink frogs (Lair:3)
  11 dream sheep
  2 slime creatures (Lair:5)
  28 jumping spiders
  28 culicivoras
  54 yaks
  A vampire (D:11)
  A shadow (D:10)
  A wraith (D:11)
  2 wyverns
  2 basilisks
  63 redbacks
  An acid dragon (D:11)
  12 water moccasins
  7 orc warriors
  3 wolves (Lair:2)
  2 ogres
  2 black bears
  4 centaurs
  A phantom (D:6)
  2 kobold brigands (D:7)
  7 bullfrogs
  4 necrophages (D:5)
  2 gnoll sergeants (D:7)
  3 scorpions
  A water moccasin zombie (D:5)
  2 electric eels (D:6)
  3 howler monkeys
  3 jellies
  A hound (D:4)
  A gnoll bouda (D:4)
  6 orc priests
  Crazy Yiuf (D:7)
  2 iguanas
  12 orc wizards
  A hound zombie (D:5)
  Robin (D:2)
  13 gnolls
  9 adders
  2 ufetubi (D:6)
  7 worms
  2 dart slugs
  41 orcs
  6 ball pythons
  5 endoplasms
  3 giant cockroaches
  27 goblins
  8 hobgoblins
  7 jackals
  14 kobolds
  5 quokkas
  5 bats
  3 frilled lizards
  A rat (D:3)
596 creatures vanquished.

Notes
Turn   | Place    | Note
-------+----------+-------------------------------------------
     0 | D:1      | SexyEnough the Minotaur Berserker began the quest for the
                  | Orb.
     0 | D:1      | Reached XP level 1. HP: 19/19 MP: 0/0
   338 | D:1      | Reached XP level 2. HP: 24/26 MP: 1/1
   614 | D:1      | Reached skill level 5 in Axes
   683 | D:1      | Found a faded altar of an unknown god.
   975 | D:2      | Reached XP level 3. HP: 31/31 MP: 2/2
  1284 | D:2      | Noticed Robin
  1298 | D:2      | Killed Robin
  1303 | D:2      | Reached XP level 4. HP: 39/39 MP: 3/3
  1303 | D:2      | Reached ** piety under Trog
  1926 | D:3      | Reached XP level 5. HP: 45/45 MP: 4/4
  2792 | D:4      | Reached XP level 6. HP: 48/51 MP: 5/5
  2802 | D:4      | Found a hide-covered altar of Uskayaw.
  3028 | D:4      | Reached *** piety under Trog
  3164 | D:4      | Found a staircase to the Ecumenical Temple.
  3336 | D:4      | You fall into a shaft and drop 1 floor!
  3336 | D:5      | Entered Level 5 of the Dungeon
  3846 | D:4      | Reached XP level 7. HP: 57/57 MP: 6/6
  3910 | D:5      | Reached skill level 10 in Axes
  3948 | D:5      | Found a blossoming altar of Fedhas.
  4863 | D:5      | Reached XP level 8. HP: 64/64 MP: 7/7
  5108 | D:6      | Noticed Grinder
  5128 | D:6      | Killed Grinder
  5259 | D:6      | Found a large runed translucent door.
  5260 | D:6      | Found a large runed translucent door.
  5319 | D:6      | Found a transporter.
  5447 | D:6      | Found a transporter.
  5522 | D:6      | Reached **** piety under Trog
  6540 | D:7      | Found a runed translucent door.
  6541 | D:7      | Noticed Crazy Yiuf
  6635 | D:7      | Reached XP level 9. HP: 70/70 MP: 8/8
  6766 | D:7      | Identified the +0 pair of boots of Courage {Fly Dex+4}
  7752 | D:8      | Found a flagged portal.
  8316 | D:8      | Found an ornate altar of the Wu Jian Council.
  8415 | D:8      | Reached skill level 15 in Axes
  8588 | D:8      | Found an opulent altar of Gozag.
  8757 | D:9      | Noticed a troll
  8764 | D:9      | Killed a troll
  8825 | D:9      | Noticed a troll
  8838 | D:9      | Killed a troll
  8963 | D:9      | Found an iron altar of Okawaru.
  9098 | D:9      | Found a shimmering altar of Xom.
  9100 | D:9      | Found a shimmering altar of Xom.
  9100 | D:9      | Found a shimmering altar of Xom.
  9100 | D:9      | Found a shimmering altar of Xom.
  9101 | D:9      | Found a shimmering altar of Xom.
  9103 | D:9      | Found a shimmering altar of Xom.
  9305 | D:9      | Noticed a polar bear
  9518 | D:9      | Noticed a centaur warrior
 10351 | D:7      | Killed Crazy Yiuf
 10508 | D:8      | Reached XP level 10. HP: 59/78 MP: 9/9
 10583 | D:10     | Entered Level 10 of the Dungeon
 10594 | D:10     | Found an ancient bone altar of Kikubaaqudgha.
 10670 | D:10     | Identified the +5 flail "Vior" {freeze, rPois rF+ rC-
                  | Stlth+}
 10678 | D:10     | Reached skill level 4 in Fighting
 10827 | D:10     | Reached skill level 5 in Fighting
 11200 | D:10     | Noticed a boulder beetle
 11226 | D:10     | Killed a boulder beetle
 11227 | D:10     | Reached skill level 6 in Fighting
 11227 | D:10     | Reached skill level 5 in Armour
 11476 | D:10     | Found a stormy altar of Qazlal.
 12130 | D:10     | Found Poyzax's Antique Armour Shoppe.
 12632 | D:10     | Reached skill level 7 in Fighting
 12787 | D:11     | Reached skill level 8 in Fighting
 13011 | D:11     | Noticed Nergalle
 13019 | D:11     | Killed Nergalle
 13147 | D:11     | Reached XP level 11. HP: 95/95 MP: 10/10
 13226 | D:11     | Reached skill level 9 in Fighting
 14109 | D:11     | Found a staircase to the Lair.
 14314 | Lair:1   | Entered Level 1 of the Lair of Beasts
 14343 | Lair:1   | Noticed Inken's ghost (novice GnFi)
 14354 | Lair:1   | Found a runed translucent gate.
 14354 | Lair:1   | Found a runed translucent gate.
 14354 | Lair:1   | Found a runed translucent gate.
 14431 | Lair:1   | Found a transporter.
 14456 | Lair:1   | Found a transporter.
 14479 | Lair:1   | Reached skill level 10 in Fighting
 14628 | Lair:1   | Found a dark tunnel.
 14637 | Volcano  | Entered a volcano
 14653 | Volcano  | Noticed a salamander mystic
 14659 | Volcano  | Killed a salamander mystic
 14660 | Volcano  | Reached skill level 10 in Armour
 14712 | Volcano  | Found a radiant altar of Vehumet.
 14714 | Volcano  | Noticed a hell knight
 14761 | Volcano  | Reached skill level 11 in Fighting
 14836 | Volcano  | Killed a hell knight
 15459 | Lair:1   | Noticed Harold
 15468 | Lair:1   | Killed Harold
 15469 | Lair:1   | Reached skill level 12 in Fighting
 15469 | Lair:1   | Reached XP level 12. HP: 112/112 MP: 6/11
 16016 | Lair:2   | Found a staircase to the Swamp.
 17473 | Lair:3   | Reached skill level 13 in Fighting
 17685 | Lair:3   | Found a hole to the Spider Nest.
 18914 | Lair:4   | Reached skill level 14 in Fighting
 19886 | Lair:5   | Entered Level 5 of the Lair of Beasts
 20409 | Lair:5   | Noticed a catoblepas
 20415 | Lair:5   | Killed a catoblepas
 20416 | Lair:5   | Reached XP level 13. HP: 125/125 MP: 8/12
 20566 | Lair:5   | Reached skill level 15 in Fighting
 20918 | Lair:5   | Reached skill level 15 in Armour
 21375 | Lair:5   | Reached skill level 16 in Fighting
 21668 | Lair:5   | Reached skill level 1 in Shields
 22178 | Lair:5   | Found a staircase to the Slime Pits.
 22985 | Spider:1 | Entered Level 1 of the Spider Nest
 23333 | Spider:1 | Identified the ring of Ydghuil {rElec Str+6}
 23496 | Spider:1 | Reached XP level 14. HP: 138/138 MP: 11/13
 23674 | Spider:1 | Noticed Donald
 23686 | Spider:1 | Killed Donald
 25383 | Spider:1 | Reached ***** piety under Trog
 25391 | Spider:1 | Reached skill level 5 in Shields
 25576 | Spider:1 | Reached skill level 17 in Fighting
 26510 | Spider:1 | Killed a ghost moth
 26749 | Spider:2 | Noticed an emperor scorpion
 26761 | Spider:2 | Killed an emperor scorpion
 30427 | Spider:3 | Killed a ghost moth
 30428 | Spider:3 | Reached XP level 15. HP: 118/149 MP: 0/14
 31458 | Spider:4 | Entered Level 4 of the Spider Nest
 31590 | Spider:4 | Received a gift from Trog
 31592 | Spider:4 | Reached skill level 18 in Fighting
 32449 | Spider:4 | Noticed an emperor scorpion
 32464 | Spider:4 | Killed an emperor scorpion
 33479 | Spider:4 | Reached skill level 10 in Shields
 33700 | Spider:4 | Noticed an emperor scorpion
 33712 | Spider:4 | Killed an emperor scorpion
 34004 | Spider:4 | Reached skill level 19 in Fighting
 34078 | Spider:4 | Slain by a pharaoh ant

Illustrated notes

Levels and vault maps discovered:
D:1:      roderic_octagonal_star, layout_loops_ring, basic_ecumenical_altar,
          hangedman_decor_riveting
D:2:      layout_basic, minmay_pentomino_o4, uniq_robin
D:3:      layout_basic
D:4:      layout_loops_ring, nicolae_uskayaw_dance_hall,
          minmay_temple_entry_statues_fountains
D:5:      layout_loops_ring, fedhas_altar_decomposition, st_stairs_13,
          minmay_ogre_servants
D:6:      gammafunk_steamed_eel, layout_loops_ring, jmf_multi_god_temple2,
          amcnicky_mini_corridor_feature, uniq_grinder
D:7:      layout_gridville, uniq_crazy_yiuf_cottage
D:8:      layout_gridville, lemuel_crystal_altar, amcnicky_altar_gilded,
          enter_bailey_2
D:9:      layout_layer_cave, okawaru_ov_weapons_minmay, xom_shifter_show,
          minmay_pinched_square
D:10:     layout_loops_ring, kiku_gazebo_pond_becter,
          nicolae_qazlal_scattered_showers, serial_shops,
          nicolae_shop_behind_doors, corexii_corridor_pit
D:11:     layout_roguey, lair_entry_dummy, uniq_nergalle
Lair:1:   gammafunk_worm_tunnel, layout_loops_ring, enter_volcano_1,
          gammafunk_ghost_icy, uniq_harold
Lair:2:   layout_regular_city, skrybe_swamp_entry_bodies
Lair:3:   layout_layer_cave, nicolae_spider_entry_lesser_pyramids,
          chequers_serial_rivers_large_a, grunt_megastairs_3,
          lemuel_fruit_fields
Lair:4:   layout_cave_pods, grunt_megastairs_4, lemuel_fruit_fields
Lair:5:   evilmike_catoblepas_cave, layout_loops_ring,
          minmay_slime_entry_pillars, chequers_serial_rivers_micro_e,
          nicolae_lair_yak_garden, lemuel_fruit_tree
Spider:1: layout_spider_delve, uniq_donald
Spider:2: layout_cave_pods, drop_trap
Spider:3: layout_cave_pods
Spider:4: grunt_spider_rune_parallel, drop_trap, beargit_elvish_explorers

Skill      XL: |  1  2  3  4  5  6  7  8  9 10 11 12 13 14 15 |
---------------+----------------------------------------------+-----
Axes           | 4 5 6 8 9 11 14 17 18 | 18.5
Fighting       | 8 12 14 16 17 19 | 19.0
Armour         | 8 11 14 16 17 18 | 18.9
Shields        | 3 7 10 | 10.6
Dodging        | |  2.1

Action                     |  1- 3 |  4- 6 |  7- 9 | 10-12 | 13-15 || total
---------------------------+-------+-------+-------+-------+-------++-------
  Melee: Hand axe          |    73 |   138 |   136 |       |       ||   347
         Headbutt          |    10 |    29 |    71 |    79 |   162 ||   351
         Punch             |       |       |     3 |       |       ||     3
         War axe           |       |       |   187 |     9 |       ||   196
         Flail             |       |       |       |   152 |       ||   152
         Broad axe         |       |       |       |   165 |   724 ||   889
  Throw: Stone             |     1 |    48 |    16 |    18 |     1 ||    84
         Dart              |       |    29 |       |    17 |       ||    46
         Boomerang         |       |     5 |    77 |       |       ||    82
         Javelin           |       |       |    29 |       |       ||    29
 Invoke: Berserk           |     3 |     4 |    17 |    24 |    29 ||    77
         Brothers in Arms  |       |       |     1 |       |       ||     1
         Trog's Hand       |       |       |       |     1 |       ||     1
  Evoke: Wand              |       |       |     1 |       |       ||     1
    Use: Scroll            |     4 |     2 |     5 |     7 |     7 ||    25
         Potion            |       |       |       |     3 |    13 ||    16
 Armour: Animal skin       |     2 |       |       |       |       ||     2
         Chain mail        |    43 |    60 |    36 |       |       ||   139
         Plate armour      |       |       |    77 |   110 |   521 ||   708
  Dodge: Dodged            |    44 |    55 |    68 |    85 |   233 ||   485
         Repelled          |       |       |     3 |     1 |     1 ||     5
  Block: Kite shield       |       |       |    41 |    80 |   320 ||   441
